 Dungeon Crawl Stone Soup version 0.19-a0-934-gf1df8d1 (webtiles) character file.

128 ololoev the Ruffian (level 4, 0/42 HPs)
             Began as a Troll Warper on July 7, 2016.
             Succumbed to an adder's poison
             ... on level 3 of the Dungeon.
             The game lasted 00:02:28 (1723 turns).

ololoev the Ruffian (Troll Warper)                  Turns: 1723, Time: 00:02:28

Health: 0/42       AC:  5    Str: 20    XL:     4   Next: 87%
Magic:  4/4        EV: 10    Int:  9    God:
Gold:   154        SH:  0    Dex:  9    Spells: 1 memorised, 4 levels left

rFire  . . .     SeeInvis .       - Unarmed
rCold  . . .     Gourm    +     a - +0 robe
rNeg   . . .     Faith    .     (no shield)
rPois  .         Spirit   .     (helmet restricted)
rElec  .         Dismiss  .     (no cloak)
rCorr  .         Reflect  .     (gloves unavailable)
SustAt .         Harm     .     (boots unavailable)
MR     .....                    (no amulet)
Stlth  +.........               (no ring)
                                (no ring)

@: lethally poisoned (0 -> -1), not resistant to hostile enchantments, very
unstealthy
A: unfitting armour, claws 3, fast metabolism 3, gourmand, regeneration 2,
shaggy fur 1, tough skin 2
a: no special abilities


Innate Abilities, Weirdness & Mutations

You are too large for most types of armour.
You have claws for hands.
Your metabolism is lightning-fast.
You like to eat raw meat.
You heal very quickly.
You are covered in fur. (AC +1)
You have very tough skin. (AC +2)

Inventory:

Missiles
 o - 3 exploding tomahawks (quivered)
Armour
 a - a +0 robe (worn)
Scrolls
 c - a scroll of blinking
 d - 4 scrolls of remove curse {unknown}
 h - a scroll of noise {unknown}
 i - a scroll of magic mapping {unknown}
 j - a scroll of enchant armour {unknown}
 m - a scroll of identify {unknown}
Potions
 e - 5 potions of curing {unknown}
 g - a potion of cure mutation {unknown}
 k - a potion of heal wounds {unknown}
 l - a potion of mutation {unknown}
Books
 b - a book of Spatial Translocations

   Spells                             Type                      Level
   a - Apportation                    Translocation                1
   b - Blink                          Translocation                2
   c - Shroud of Golubria             Charms/Translocation         2
   d - Portal Projectile              Translocation                3
   e - Teleport Other                 Translocation                3
   f - Passage of Golubria            Translocation                4
Comestibles
 f - 3 bread rations
 n - a meat ration


   Skills:
 + Level 2.2 Fighting
 - Level 0.8 Throwing
 + Level 1.4 Armour
 + Level 2.6 Dodging
 * Level 3.5 Unarmed Combat
 - Level 1.2 Spellcasting
 - Level 2.1 Translocations


You had 4 spell levels left.
You knew the following spells:

 Your Spells              Type           Power        Failure   Level  Hunger
a - Apportation           Tloc           #.........   14%         1    ##.....


You were on level 3 of the Dungeon.
You were very full.

You visited 1 branch of the dungeon, and saw 3 of its levels.

You collected 154 gold pieces.

....# #.#.#...#
#............
....###...##.##
#####........
.<...........#
#........
............(#
#########
............(#########
.............(.......#
..............(......#
...#.................#
####..####.....†@....#
##.# #...........#
#...........#
#[..........#
#...........#
#.............
#....../.......
#..............

Notes
Turn   | Place    | Note
-------+----------+-------------------------------------------
     0 | D:1      | ololoev the Troll Warper began the quest for the Orb.
     0 | D:1      | Reached XP level 1. HP: 19/19 MP: 1/1
   314 | D:1      | Reached XP level 2. HP: 27/27 MP: 2/2
   843 | D:2      | Reached skill level 1 in Armour
   843 | D:2      | Reached XP level 3. HP: 32/35 MP: 3/3
  1377 | D:3      | Reached skill level 3 in Unarmed Combat
  1517 | D:3      | Reached XP level 4. HP: 27/42 MP: 4/4
  1721 | D:3      | HP: 2/42 [kobold (1)]
  1723 | D:3      | Succumbed to an adder's poison

Dungeon Overview and Level Annotations

Branches:
Dungeon (3/15)

Altars:


Message History

The adder is severely wounded.
You feel sick. The adder barely misses you. The giant gecko bites you.
The kobold hits you but does no damage. The adder bites you.
You are too injured to fight recklessly!
You are too injured to fight recklessly!
You are too injured to fight recklessly!
You are too injured to fight recklessly!
You are too injured to fight recklessly!
You are too injured to fight recklessly!
You are too injured to fight recklessly!
You are too injured to fight recklessly!
You are too injured to fight recklessly!
You are too injured to fight recklessly!
You are too injured to fight recklessly!
You are too injured to fight recklessly!
You are too injured to fight recklessly!
You are too injured to fight recklessly!
You are too injured to fight recklessly!
You are too injured to fight recklessly!
You are too injured to fight recklessly!
You are too injured to fight recklessly!
You are too injured to fight recklessly!
You are too injured to fight recklessly!
You are too injured to fight recklessly!
You are too injured to fight recklessly!
You are too injured to fight recklessly!
You are too injured to fight recklessly!
You scratch the adder.
The adder is almost dead.
You feel sick. The giant gecko bites you. The kobold barely misses you.
The adder bites you.
You are more poisoned.
The adder poisons you! The giant gecko closely misses you.
You miss the adder.
The adder is almost dead.
You feel sick. The adder barely misses you. The kobold hits you.
The giant gecko barely misses you.
You miss the adder.
The adder is almost dead.
You feel sick. The adder barely misses you. The kobold barely misses you.
The giant gecko misses you.
You barely miss the adder.
The adder is almost dead.
The adder bites you but does no damage. The kobold closely misses you.
The giant gecko completely misses you. The adder bites you but does no damage.
You scratch the adder.
You kill the adder!
You feel sick.
The giant gecko bites you but does no damage.
The kobold barely misses you.
You barely miss the giant gecko.
You feel sick.
The giant gecko bites you but does no damage.
The kobold barely misses you.
You closely miss the giant gecko.
You feel sick. The giant gecko barely misses you. The kobold barely misses you.
You barely miss the giant gecko.
You feel sick.
The giant gecko bites you but does no damage.
The kobold barely misses you.
You scratch the giant gecko but do no damage.
The giant gecko barely misses you. The kobold hits you but does no damage.
The giant gecko bites you but does no damage.
You scratch the giant gecko.
The giant gecko is heavily wounded.
You feel sick. The giant gecko barely misses you. The kobold barely misses you.
You closely miss the giant gecko.
The giant gecko is heavily wounded.
You feel sick. The giant gecko bites you. The kobold barely misses you.
You scratch the giant gecko.
The giant gecko is almost dead.
The giant gecko bites you.
You claw the giant gecko!
You kill the giant gecko!
You feel sick. The kobold hits you but does no damage.
You see here a giant gecko corpse.
You barely miss the kobold.
You feel sick. The kobold hits you.
You barely miss the kobold. The kobold hits you.
You barely miss the kobold. The kobold hits you.
You scratch the kobold.
You kill the kobold!
You die...

There were no monsters in sight!

Vanquished Creatures
  A hound (D:3)
  4 adders
  An ooze (D:3)
  A dart slug (D:2)
  3 giant geckos
  8 hobgoblins
  4 jackals (D:2)
  2 quokkas
  9 bats
  5 giant newts
  4 goblins
  8 kobolds
  5 rats
55 creatures vanquished.

Action                   |  1- 3 |  4- 6 || total
-------------------------+-------+-------++-------
Melee: Unarmed           |   134 |    41 ||   175
       Punch             |     1 |       ||     1
 Stab: Sleeping          |     1 |       ||     1
  Eat: Chunk             |    14 |     2 ||    16
       Bread ration      |     1 |       ||     1
Armor: Robe              |    57 |    26 ||    83
Dodge: Dodged            |   102 |    42 ||   144

Vault maps used:
D:1:      minmay_arrival_cross, serial_forest, infiniplex_forest_end_2,
          infiniplex_forest_side_room, infiniplex_forest_clump_tiny,
          infiniplex_forest_lined_4_way, infiniplex_forest_end_1,
          infiniplex_forest_lined_2, infiniplex_forest_clump_diagonal,
          infiniplex_forest_clump_double
D:2:      hex_large, minmay_hexomino_p4
D:3:      st_stairs_13
